AoeStats
← garoumarcos

MegaRandom

513856442Analyzed
2v2 RM · 3d ago on Oct 15, 2026· 30m 18s· 4 players
Game mode
Random Map
Map size
Medium (4 player)
Population
200
Speed
Normal
Resources
Standard
Victory
Conquest
Starting age
Dark Age
Ending age
Imperial Age
RankedLock teamsTeams togetherTeam positionsShared explorationLock speedFull tech treeHidden civsTurbo modeCheats
Victory
Defeat
🇫🇷 Spanish · France
1055
+14
🇨🇦 Burgundians · Canada
1003
+16
vs
🇷🇺 Portuguese · Russia
1048
-16
🇲🇽 Persians · Mexico
971
-14
felfel_me7shi
0:40 Loom
11:39 Feudal Age
12:12 Double-Bit Axe
20:40 Castle Age
21:38 Husbandry
21:49 Bloodlines
22:04 Bow Saw
21:37 Horse Collar
30:36 Gold Mining
Linoseros
0:35 Loom
6:25 Double-Bit Axe
11:34 Feudal Age
11:30 Horse Collar
12:47 Bow Saw
15:11 Forging
15:07 Scale Barding Armor
21:49 Castle Age
20:26 Heavy Plow
21:24 Fletching
22:33 Husbandry
21:55 Cavalier
22:28 Light Cavalry
HealingFortress
4:42 Loom
10:50 Feudal Age
17:20 Castle Age
15:21 Double-Bit Axe
25:14 Husbandry
26:09 Gold Mining
26:36 Bloodlines
27:28 Scale Barding Armor
28:22 Wheelbarrow
27:37 Town Watch
30:04 Chain Barding Armor
29:55 Forging
garoumarcos
0:34 Loom
12:07 Feudal Age
16:22 Castle Age
15:39 Double-Bit Axe
17:08 Bow Saw
16:40 Horse Collar
17:39 Wheelbarrow
17:53 Heavy Plow
19:41 Gold Mining
21:23 Man-at-Arms
23:14 Long Swordsman
24:24 Forging
24:46 Scale Mail Armor
24:17 Pikeman
27:18 Squires
Connection lost

Rejoining the realm…

Still unreachable

The connection could not be restored.

Session expired

The server has moved on; the page needs a fresh start.